 Dungeon Crawl Stone Soup version 0.32-a0-468-g38b2580584 (webtiles) character file.

Game seed: 9001647121417708798

1428 CougarLife the Geomancer (level 8, -9/41 HPs)
             Began as a Gargoyle Earth Elementalist on Feb 25, 2024.
             Mangled by a black bear (11 damage)
             ... on level 6 of the Dungeon.
             The game lasted 00:05:03 (5895 turns).

CougarLife the Geomancer (GrEE)                     Turns: 5895, Time: 00:05:03

Health: -9/41      AC: 10    Str: 13    XL:     8   Next: 72%
Magic:  15/16      EV: 11    Int: 23    God:
Gold:   341        SH:  0    Dex: 10    Spells: 14/18 levels left

rFire   + . .        e - +2 dagger (speed)
rCold   . . .        (no shield)
rNeg    + . .        a - +0 robe
rPois   ∞            (no helmet)
rElec   +            q - +2 cloak "Akhitz Minu" {Rampage rF+ Int+6}
rCorr   .            (no gloves)
SInv    .            (no boots)
Will    .....        (no amulet)
Stlth   ++           (no ring)
HPRegen 0.26/turn    (no ring)
MPRegen 0.15/turn

%: rampage
@: no status effects
A: sickness immunity, AC +5, negative energy resistance 1, electricity
resistance, torment resistance 1, petrification resistance
a: no special abilities


You were on level 6 of the Dungeon.
You visited 1 branch of the dungeon, and saw 6 of its levels.

You collected 341 gold pieces.

Inventory:

Hand Weapons
 e - a +2 dagger of speed (weapon)
Armour
 a - a +0 robe (worn)
 q - the +2 cloak "Akhitz Minu" (worn) {Rampage rF+ Int+6}
   (You found it on level 4 of the Dungeon)

   Int+6:     It affects your intelligence (+6).
   rF+:       It protects you from fire.
   Rampage:   It bestows one free step when moving towards enemies.
Wands
 n - a wand of polymorph (8)
Scrolls
 c - 5 scrolls of teleportation {unknown}
 d - 7 scrolls of identify {unknown}
 h - 3 scrolls of enchant weapon {unknown}
 i - a scroll of vulnerability {unknown}
 p - a scroll of torment {unknown}
 r - 2 scrolls of fog {unknown}
 s - a scroll of blinking {unknown}
Potions
 b - 2 potions of magic
 f - a potion of enlightenment {unknown}
 g - 3 potions of curing {unknown}
 j - a potion of degeneration {unknown}
 k - 3 potions of lignification {unknown}
 l - a potion of heal wounds {unknown}
 m - a potion of haste {unknown}
 o - a potion of might {unknown}


   Skills:
 - Level 1.5 Dodging
 - Level 2.1 Stealth
 + Level 5.9 Spellcasting
 + Level 6.6 Conjurations
 + Level 8.1 Earth Magic


You had 14 spell levels left.
You knew the following spells:

 Your Spells              Type           Power      Damage    Failure   Level
a - Sandblast             Erth           88%        2d18      1%          1
b - Stone Arrow           Conj/Erth      80%        3d12      1%          3

Your spell library contained the following spells:

 Spells                   Type           Power      Damage    Failure   Level
 Magic Dart               Conj           100%       1d8       1%          1
 Passwall                 Erth           44%        N/A       1%          3
 Brom's Barrelling Bould  Conj/Erth      40%        2d6       4%          4
 Blink                    Tloc           12%        N/A       13%         2
 Call Imp                 Summ           12%        N/A       13%         2
 Petrify                  Alch/Erth      25%        N/A       16%         4


Dungeon Overview and Level Annotations

Branches:
Dungeon (6/15)
 Temple: D:4-7

Altars:
Ashenzari
Fedhas
Kikubaaqudgha
Makhleb
Nemelex Xobeh
Qazlal
Wu Jian
The Shining One

Shops:
D:6 =

Annotations:
D:6 1 runed translucent door, Crazy Yiuf


Innate Abilities, Weirdness & Mutations

You are immune to sickness and miasma.
Your stone body is resilient. (AC +5)
You are immune to poison.
You resist negative energy. (rN+)
You are resistant to electric shocks. (rElec)
You are resistant to unholy torment.
You are immune to petrification.


Message History

You now have 341 gold pieces (gained 17).
You open the door.
Found Geeluaco's Jewellery Shop.
Found a stone staircase leading down.
No target in view!
You can't see any susceptible monsters within range! (Use Z to cast anyway.)
There is an open door here.
There is a stone staircase leading down here.
There is an entrance to Geeluaco's Jewellery Shop here.
You can access your shopping list by pressing '$'.
You open the door.
There is an open door here.
A black bear and 2 orc priests come into view.
The orc priest shouts!
You hear a shout!
The black bear growls angrily.
The orc priest calls down the wrath of Beogh upon you.
Beogh smites you!
There are monsters nearby!
An orc comes into view. It is wielding a +0 club.
Found a stone staircase leading down.
The blast of sand hits the black bear!!
The black bear is almost dead.
The orc priest shouts!
The orc priest mumbles some strange prayers to Beogh against you.
Beogh smites you!
The black bear goes berserk!
The black bear bites you. The black bear misses you. The black bear claws you.
* * * LOW HITPOINT WARNING * * *
You are too injured to fight recklessly!
You are too injured to fight recklessly!
You are too injured to fight recklessly!
You are too injured to fight recklessly!
The black bear rages.
There is an open door here.
The black bear bites you.
* * * LOW HITPOINT WARNING * * *
The black bear claws you.
* * * LOW HITPOINT WARNING * * *
The black bear claws you.
* * * LOW HITPOINT WARNING * * *
The black bear attacks as it pursues you!
The black bear bites you!
You die...

########
##......##
##........##
#...o......#
#.#'#......#
#.#h#.o....#
#.#@#..oo..#
#.#∩#..>...#
#.≈.#.....##
#.≈.#.....#
#.#>#......
########
#.#.# ....
.......)
#.#.# .....
####+###
#.#'#......
#....
#..........
#.♣♣♣


You could see a black bear (berserk) and an orc.

Vanquished Creatures
  Sigmund (D:3)
  2 ice beasts
  A black bear (D:6)
  A sky beast (D:6)
  A kobold brigand (D:5)
  A gnoll sergeant (D:5)
  2 scorpions (D:5)
  A jelly (D:6)
  A bombardier beetle (D:4)
  A gnoll bouda (D:5)
  An orc priest (D:4)
  A sleepcap (D:5)
  Ijyb (D:3)
  4 iguanas
  3 orc wizards (D:6)
  Terence (D:3)
  10 gnolls (D:5)
  7 adders
  A white imp (D:5)
  2 ufetubi (D:6)
  A ribbon worm (D:5)
  4 dart slugs
  15 orcs
  4 endoplasms
  4 giant cockroaches
  3 goblins
  7 hobgoblins
  7 jackals
  5 quokkas
  6 ball pythons
  5 bats
  12 frilled lizards
  17 kobolds
  4 rats
137 creatures vanquished.

Notes
Turn   | Place    | Note
-------+----------+-------------------------------------------
     0 | D:1      | CougarLife the Gargoyle Earth Elementalist began the quest
                  | for the Orb.
     0 | D:1      | Reached XP level 1. HP: 10/10 MP: 3/3
    93 | D:1      | Reached XP level 2. HP: 10/15 MP: 1/5
   240 | D:1      | Reached skill level 4 in Earth Magic
   573 | D:1      | Reached XP level 3. HP: 17/19 MP: 2/6
  1254 | D:2      | Reached XP level 4. HP: 24/24 MP: 6/8
  1833 | D:3      | Found a blossoming altar of Fedhas.
  1992 | D:3      | Noticed Terence
  2002 | D:3      | Killed Terence
  2050 | D:3      | Learned a level 3 spell: Stone Arrow
  2170 | D:3      | Noticed Sigmund
  2175 | D:3      | Killed Sigmund
  2176 | D:3      | Reached skill level 5 in Earth Magic
  2176 | D:3      | Reached XP level 5. HP: 14/28 MP: 5/10
  2176 | D:3      | Reached XP level 6. HP: 16/32 MP: 5/11
  2419 | D:3      | Found an ornate altar of the Wu Jian Council.
  2600 | D:3      | Noticed Ijyb
  2695 | D:3      | Killed Ijyb
  3082 | D:4      | Found a burning altar of Makhleb.
  3520 | D:4      | Identified the +2 cloak "Akhitz Minu" {Rampage rF+ Int+6}
  3624 | D:4      | Reached skill level 6 in Earth Magic
  3624 | D:4      | Reached XP level 7. HP: 36/36 MP: 10/13
  4177 | D:5      | Entered Level 5 of the Dungeon
  4483 | D:5      | Reached skill level 5 in Conjurations
  4626 | D:5      | Reached skill level 5 in Spellcasting
  4626 | D:5      | Reached skill level 7 in Earth Magic
  4628 | D:5      | Reached XP level 8. HP: 29/41 MP: 5/15
  4902 | D:5      | Found a sparkling altar of Nemelex Xobeh.
  5247 | D:6      | Found a glowing golden altar of the Shining One.
  5689 | D:6      | Found a stormy altar of Qazlal.
  5759 | D:6      | Found a runed translucent door.
  5760 | D:6      | Noticed Crazy Yiuf
  5803 | D:6      | Found an ancient bone altar of Kikubaaqudgha.
  5844 | D:6      | Reached skill level 8 in Earth Magic
  5861 | D:6      | Found a broken altar of Ashenzari.
  5878 | D:6      | Found Geeluaco's Jewellery Shop.
  5894 | D:6      | HP: 1/41 [black bear (5)]
  5895 | D:6      | Mangled by a black bear

Illustrated notes

Levels and vault maps discovered:
D:1:      minmay_arrival_four_circles, layout_basic, minmay_lizard_king
D:2:      layout_basic, chequers_serial_rivers_large_b
D:3:      layout_loops_ring, fedhas_altar_1, lemuel_doored_altar, uniq_terence,
          uniq_ijyb, uniq_sigmund
D:4:      layout_basic, bloody_makhleb, serial_bayou_lagoon_a,
          chequers_serial_rivers_micro_a
D:5:      layout_rooms, marbit_many_paths
D:6:      layout_rooms, tso_metal_star, ashenzari_altar_1,
          mainiacjoe_overflow_alcove_1, mainiacjoe_overflow_six_doors_small,
          serial_shops, nicolae_shop_hallway_stairs, kennysheep_small_spiral,
          uniq_crazy_yiuf_cottage

Skill      XL: |  1  2  3  4  5  6  7  8 |
---------------+-------------------------+-----
Earth Magic    | 4 5 6 7 8 |  8.1
Conjurations   | 2 3 4 5 6 |  6.6
Spellcasting   | 3 4 5 |  5.9
Dodging        | |  1.5
Stealth        | |  2.1

Action                     |  1- 3 |  4- 6 |  7- 9 || total
---------------------------+-------+-------+-------++-------
  Melee: Unarmed           |    15 |     8 |       ||    23
         Dagger            |    17 |    15 |     3 ||    35
   Cast: Sandblast         |    41 |    76 |    90 ||   207
         Stone Arrow       |       |       |     2 ||     2
 Armour: Robe              |    18 |    38 |    48 ||   104
         Skin              |       |     4 |       ||     4
  Dodge: Dodged            |    29 |    36 |    27 ||    92

Table legend: (Time is in decaauts)
 A = Elapsed time spent in this place.
 B = Non-inter-level travel time spent in this place.
 C = Inter-level travel time spent in this place.
 D = Time resting spent in this place.
 E = Time spent auto-exploring this place.
 F = Levels seen in this place.
 G = Mean time per level.
                   A        B        C        D        E       F      G
               +--------+--------+--------+--------+--------+-----+--------+
         Total |   6038 |   5838 |    200 |    614 |   4457 |   6 | 1006.3 |
       Dungeon |   6038 |   5838 |    200 |    614 |   4457 |   6 | 1006.3 |
               +--------+--------+--------+--------+--------+-----+--------+

Top non-repeatable levels by time:
     D:4: 1365 daAuts
     D:3: 1083 daAuts
     D:2: 957 daAuts
     D:1: 953 daAuts
     D:6: 844 daAuts
     D:5: 833 daAuts
